 Dungeon Crawl Stone Soup version 0.31.0-4-g52a2dc7128 (webtiles) character file.

Game seed: 18073122637019341201

3432 MonkDNika the Basher (level 9, -2/79 HPs)
             Began as a Minotaur Berserker on Jan 21, 2024.
             Was an Elder of Trog.
             Slain by a kobold brigand
             ... wielding a +0 short sword
              (4 damage)
             ... on level 7 of the Dungeon.
             The game lasted 01:49:52 (7371 turns).

MonkDNika the Basher (Minotaur Berserker)           Turns: 7371, Time: 01:49:53

Health: -2/79      AC: 15    Str: 27    XL:     9   Next: 77%
Magic:  8/8        EV: 11    Int:  4    God:    Trog [****..]
Gold:   498        SH:  0    Dex:  9    Spells: 8/8 levels left

rFire   . . .        j - +0 flail (venom)
rCold   . . .        (no shield)
rNeg    . . .        g - +2 scale mail {Will+}
rPois   .            (helmet restricted)
rElec   .            (no cloak)
rCorr   .            (no gloves)
SInv    .            C - +0 pair of boots
Will    ++...        (no amulet) Stlth
                     a - +4 ring of protection
HPRegen 0.33/turn    A - ring of willpower
MPRegen 0.11/turn

%: no passive effects
@: no status effects
A: horns 2, retaliatory headbutt
a: Renounce Religion, Berserk, Trog's Hand, Brothers in Arms


You were on level 7 of the Dungeon.
You worshipped Trog.
Trog was greatly pleased with you.
You visited 2 branches of the dungeon, and saw 9 of its levels.
You also visited: Ossuary.

You collected 498 gold pieces.

Inventory:

Hand Weapons
 d - a +2 short sword of freezing
 f - a +2 short sword of protection
 h - a +0 mace
 j - a +0 flail of venom (weapon)
 l - a +0 whip of electrocution
Missiles
 k - 5 atropa-tipped darts
 o - 54 stones
Armour
 b - a +0 animal skin
 g - a +2 scale mail of willpower (worn)
 r - a +2 leather armour of cold resistance
 t - a +0 pair of gloves
 w - a +2 pair of gloves
 C - a +0 pair of boots (worn)
Jewellery
 a - a +4 ring of protection (left hand)
 A - a ring of willpower (right hand)
Wands
 q - a wand of polymorph (10)
 y - a wand of flame (39)
Scrolls
 c - a scroll of immolation
 e - 2 scrolls of noise
 v - 3 scrolls of vulnerability
 B - a scroll of identify
Potions
 i - 3 potions of attraction
 m - a potion of lignification
 n - a potion of ambrosia
 p - a potion of enlightenment
 x - a potion of mutation


   Skills:
 + Level 7.1 Fighting
 + Level 4.8 Long Blades
 + Level 10.6 Maces & Flails
 + Level 1.0 Throwing
 + Level 8.8 Armour
 + Level 5.1 Dodging
 + Level 2.6 Stealth
 - Level 0.4 Evocations


You had 8 spell levels left.
You didn't know any spells.
Your spell library was empty.

Dungeon Overview and Level Annotations

Branches:
Dungeon (8/15)             Temple (1/1) D:6         Ossuary (visited)
   Lair: D:8-11

Altars:
Ashenzari
Cheibriados
Dithmenos
Elyvilon
Fedhas
Hepliaklqana
Kikubaaqudgha
Makhleb
Nemelex Xobeh
Okawaru
Qazlal
Ru
Sif Muna
Trog
Uskayaw
Vehumet
Yredelemnul
Zin
The Shining One

Shops:
D:4 [:   D:5 (


Innate Abilities, Weirdness & Mutations

You have a pair of horns on your head.
You reflexively headbutt those who attack you in melee.


Message History

You start resting.
HP restored.
You climb downwards.
A kobold comes into view. It is wielding a +0 short sword.
The jelly barely misses you. You furiously retaliate!
You headbutt the jelly!
The two-headed ogre hits you with a +0 giant club!
The two-headed ogre hits you but does no damage.
The jelly hits you but does no damage.
There is a stone staircase leading up, spattered with blood here.
The kobold shouts!
You sock the two-headed ogre!
The two-headed ogre is poisoned.
The two-headed ogre is moderately wounded.
The jelly misses you.
You closely miss the two-headed ogre.
The two-headed ogre is moderately wounded.
The kobold shouts!
The two-headed ogre hits you with a +0 giant club!
The two-headed ogre hits you with a +0 giant club.
The jelly barely misses you. You furiously retaliate!
You headbutt the jelly!
You kill the jelly!
Trog accepts your kill.
You sock the two-headed ogre!
The two-headed ogre looks as sick as possible!
You headbutt the two-headed ogre!
The two-headed ogre is severely wounded.
The kobold brigand hits you but does no damage.
The two-headed ogre hits you with a +0 giant club!!
The two-headed ogre closely misses you. The kobold brigand barely misses you.
You climb upwards.
There is a stone staircase leading down here.
You thump the kobold brigand!
The kobold brigand is poisoned.
Your headbutt misses the kobold brigand.
The kobold brigand is heavily wounded.
The two-headed ogre hits you with a +0 giant club!
* * * LOW HITPOINT WARNING * * *
The two-headed ogre hits you with a +0 giant club!
* * * LOW HITPOINT WARNING * * *
The kobold brigand hits you with a +0 short sword.
You die...

..........#.#....#.#####.......##
#.........#.#...###...####......#
...........#.###..#######.....#..
#..........####...## #..........
....#.......##.....# ##.......#.
#...##......#....#### ####.##..##
....###.......#..#..###..#######.
#.### ##...#..#.O#.......# #..
..# #..##....@###...### ##. ###
#.......)K..#._.# #..
#......#..###.).### ##..
##..####.##.......# #... ####
#..#..#'#..# ##># ##.####.####
### #......# ########


You could see a two-headed ogre (extremely poisoned) and a kobold brigand (very
poisoned).

Vanquished Creatures
  Pikel (D:4)
  Grinder (D:5)
  A hornet (D:7)
  Duvessa (D:4)
  A water moccasin (D:5)
  A black bear (D:4)
  3 ice beasts
  A sky beast (D:6)
  An ogre (D:4)
  3 phantoms
  An elf zombie (Ossuary)
  A kobold brigand (D:7)
  A bullfrog (D:6)
  2 scorpions
  A burial acolyte (Ossuary)
  Dowan (D:4)
  2 howler monkeys (D:6)
  A bombardier beetle (D:5)
  2 human zombies (Ossuary)
  A hound (D:5)
  A jelly (D:8)
  A centaur zombie (Ossuary)
  4 orc priests
  2 gnoll boudas (D:7)
  Terence (D:2)
  A spectral scorpion (Ossuary)
  4 iguanas
  Natasha (thrice) (D:4)
  7 orc wizards
  Ijyb (D:4)
  A crocodile zombie (Ossuary)
  A hound zombie (Ossuary)
  4 mummies
  13 gnolls
  4 adders
  2 white imps
  5 adder zombies (Ossuary)
  A dart slug (D:4)
  2 ribbon worms
  17 orcs
  4 endoplasms
  4 giant cockroaches
  2 gnoll zombies (Ossuary)
  8 goblins
  11 hobgoblins
  3 jackals (D:1)
  3 quokkas
  2 ball pythons (D:1)
  4 ball python zombies (Ossuary)
  4 bats
  A goblin zombie (D:6)
  A hobgoblin zombie (D:6)
  7 jackal zombies (Ossuary)
  12 kobolds
  2 kobold zombies (Ossuary)
  2 orc zombies (Ossuary)
  9 rats
181 creatures vanquished.

Notes
Turn   | Place    | Note
-------+----------+-------------------------------------------
     0 | D:1      | MonkDNika the Minotaur Berserker began the quest for the
                  | Orb.
     0 | D:1      | Reached XP level 1. HP: 19/19 MP: 0/0
   153 | D:1      | Reached XP level 2. HP: 23/27 MP: 1/1
   423 | D:2      | Noticed Terence
   432 | D:2      | Killed Terence
   433 | D:2      | Reached XP level 3. HP: 34/34 MP: 2/2
   833 | D:1      | Reached ** piety under Trog
  1449 | D:2      | Reached XP level 4. HP: 41/41 MP: 3/3
  1914 | D:2      | Found a faded altar of an unknown god.
  2020 | D:2      | You fall into a shaft and drop 1 floor!
  2339 | D:3      | Reached skill level 1 in Maces & Flails
  2569 | D:3      | Found a glowing silver altar of Zin.
  2569 | D:3      | Noticed an angel
  2651 | D:4      | Noticed a black bear
  2662 | D:4      | Killed a black bear
  2663 | D:4      | Reached skill level 2 in Maces & Flails
  2663 | D:4      | Reached XP level 5. HP: 47/47 MP: 4/4
  2726 | D:4      | Found a white marble altar of Elyvilon.
  2730 | D:4      | Found a burning altar of Makhleb.
  2822 | D:4      | Reached skill level 3 in Maces & Flails
  2857 | D:5      | Entered Level 5 of the Dungeon
  2883 | D:5      | Reached XP level 6. HP: 53/53 MP: 5/5
  3082 | D:5      | Noticed Grinder
  3084 | D:5      | Noticed a water moccasin
  3087 | D:5      | Killed Grinder
  3088 | D:5      | Reached skill level 5 in Fighting
  3088 | D:5      | Reached skill level 4 in Maces & Flails
  3088 | D:5      | Reached skill level 5 in Armour
  3088 | D:5      | Reached XP level 7. HP: 61/61 MP: 6/6
  3091 | D:5      | Reached skill level 5 in Maces & Flails
  3091 | D:5      | Reached skill level 1 in Stealth
  3210 | D:5      | Reached skill level 1 in Throwing
  3758 | D:5      | Found Waireroo's Weapon Shoppe.
  3792 | D:5      | Reached skill level 6 in Maces & Flails
  3797 | D:5      | Reached XP level 8. HP: 63/68 MP: 7/7
  4212 | D:4      | Found a glowing golden altar of the Shining One.
  4216 | D:4      | Noticed Pikel
  4222 | D:4      | Noticed Duvessa
  4222 | D:4      | Noticed Dowan
  4231 | D:4      | Killed Pikel
  4232 | D:4      | Reached skill level 8 in Maces & Flails
  4233 | D:4      | Killed Duvessa
  4245 | D:4      | Killed Dowan
  4379 | D:4      | Reached *** piety under Trog
  4530 | D:4      | Noticed Ijyb
  4532 | D:4      | Found Nezyblu's Antique Armour Shop.
  4555 | D:4      | Killed Ijyb
  4613 | D:4      | Found Neivvup's Book Emporium.
  4687 | D:4      | Noticed Natasha
  4690 | D:4      | Killed Natasha
  4792 | D:4      | Found a radiant altar of Vehumet.
  4871 | D:4      | Noticed Natasha
  4880 | D:4      | Killed Natasha
  4881 | D:4      | Reached XP level 9. HP: 72/75 MP: 8/8
  4954 | D:4      | Noticed Natasha
  4960 | D:4      | Killed Natasha
  5032 | D:6      | Found a staircase to the Ecumenical Temple.
  5098 | D:6      | Found an ancient bone altar of Kikubaaqudgha.
  5098 | D:6      | Found a shadowy altar of Dithmenos.
  5240 | D:6      | Reached skill level 9 in Maces & Flails
  5356 | D:6      | Found a sand-covered staircase.
  5362 | Ossuary  | Entered an ossuary
  5448 | Ossuary  | Reached **** piety under Trog
  6001 | Temple   | Entered the Ecumenical Temple
  6068 | D:6      | You fall into a shaft and drop 1 floor!
  6181 | D:7      | Reached skill level 10 in Maces & Flails
  6277 | D:7      | HP: 1/78 [orc/+2 heavy war axe (9)]
  6281 | D:7      | Reached skill level 5 in Dodging
  6702 | D:7      | Found a blossoming altar of Fedhas.
  6851 | D:7      | Found an iron altar of Okawaru.
  7185 | D:8      | Noticed a two-headed ogre
  7371 | D:7      | HP: 2/79 [two-headed ogre/+0 giant club (16)]
  7371 | D:7      | Slain by a kobold brigand

Illustrated notes

Levels and vault maps discovered:
D:1:      heliophobic_arrival_enchanted_forest, layout_basic
D:2:      layout_basic, basic_ecumenical_altar, uniq_terence
D:3:      layout_rooms, zin_angel, minmay_misc_feat_secret_circle
D:4:      layout_gridville, lemuel_coloured_pillars_altar, lemuel_crystal_altar,
          grunt_temple_overflow_open, serial_shops, nicolae_shop_tiny_glass,
          shop, uniq_pikel, uniq_duvessa, uniq_natasha, uniq_ijyb
D:5:      layout_basic, nicolae_stop_n_shop_2, uniq_grinder
D:6:      layout_rooms, gammafunk_temple_overflow_wave, temple_pool_b,
          nicolae_ossuary_entry_giza, kennysheep_path_1, minmay_misc_feat_chi
D:7:      nicolae_BIG_FREAKIN_CUBE, layout_cave_pools,
          hellmonk_okawaru_the_only_friend_you_need, fedhas_ov_isle_minmay,
          serial_glass, glass_columns_b, glass_columns_c, due_unseen_surprise
D:8:      layout_gridville, eino_jars
Temple:   nicolae_temple_bog_church

Skill      XL: |  1  2  3  4  5  6  7  8  9 |
---------------+----------------------------+-----
Long Blades    | 4 |  4.8
Fighting       | 4 5 7 |  7.1
Armour         | 4 5 6 7 8 |  8.8
Maces & Flails | 2 3 4 6 8 10 | 10.6
Dodging        | 3 4 5 |  5.1
Stealth        | 1 2 |  2.6
Throwing       | 1 |  1.0
Evocations     | |  0.4

Action                     |  1- 3 |  4- 6 |  7- 9 || total
---------------------------+-------+-------+-------++-------
  Melee: Falchion          |    61 |       |       ||    61
         Headbutt          |    10 |    14 |    46 ||    70
         Flail             |    25 |    67 |   284 ||   376
         Punch             |       |     1 |     6 ||     7
  Throw: Stone             |       |    10 |       ||    10
         Dart              |       |       |     1 ||     1
 Invoke: Berserk           |     1 |     4 |     3 ||     8
         Trog's Hand       |     1 |       |     2 ||     3
  Evoke: Wand              |       |       |    11 ||    11
    Use: Potion            |     1 |     2 |     6 ||     9
         Scroll            |     1 |     3 |    11 ||    15
   Stab: Invisible         |       |       |     5 ||     5
 Armour: Animal skin       |    14 |       |       ||    14
         Scale mail        |    36 |    61 |   227 ||   324
         Skin              |       |       |     6 ||     6
  Dodge: Dodged            |    51 |    39 |   163 ||   253
